 Dungeon Crawl Stone Soup version 0.31.0-32-g396128a36d (webtiles) character file.

Game seed: 10581443266450155764

3707 Eitelfritz the Thaumaturge (level 9, -3/59 HPs)
             Began as a Demonspawn Ice Elementalist on Mar 23, 2024.
             Was a Believer of Dithmenos.
             Slain by an orc warrior
             ... wielding a +0 battleaxe
              (11 damage)
             ... in a bailey.
             The game lasted 00:29:35 (7504 turns).

Eitelfritz the Thaumaturge (DsIE)                   Turns: 7504, Time: 00:29:36

Health: -3/59      AC: 16    Str:  9    XL:     9   Next: 91%
Magic:  0/21       EV: 13    Int: 17    God:    Dithmenos [**....]
Gold:   456        SH:  0    Dex: 16    Spells: 11/25 levels left

rFire   . . .        a - +0 short sword (drain)
rCold   . . .        (no shield)
rNeg    . . .        c - +0 robe
rPois   .            i - +0 helmet
rElec   .            G - +2 cloak
rCorr   .            m - +1 pair of gloves
SInv    +            y - +0 pair of boots
Will    .....        w - amulet of the acrobat
Stlth   +++          g - ring of see invisible
HPRegen 0.29/turn    s - +4 ring of protection
MPRegen 0.17/turn

%: acrobat
@: wreathed by umbra
A: icy blue scales 2, spiny 1, weakness stinger 2
a: Renounce Religion, Shadow Step


You were in a bailey.
You worshipped Dithmenos.
Dithmenos was pleased with you.
You visited 2 branches of the dungeon, and saw 8 of its levels.
You also visited: Bailey.

You collected 456 gold pieces.

Inventory:

Hand Weapons
 a - a +0 short sword of draining (weapon)
 b - a +0 arbalest
 H - a +0 hand axe
Missiles
 k - 3 poisoned darts
 n - 2 throwing nets
 v - 6 darts of dispersal
 B - 5 boomerangs
Armour
 c - a +0 robe (worn)
 i - a +0 helmet (worn)
 m - a +1 pair of gloves (worn)
 r - the +3 ring mail of Xiuffan {rCorr}
   (You found it on level 2 of the Dungeon)

   rCorr:     It protects you from acid and corrosion.
 y - a +0 pair of boots (worn)
 G - a +2 cloak (worn)
Jewellery
 g - a ring of see invisible (left hand)
 s - a +4 ring of protection (right hand)
 w - an amulet of the acrobat (around neck)
Wands
 D - a wand of light (3)
 F - a wand of iceblast (7)
Scrolls
 l - 2 scrolls of teleportation
 p - a scroll of revelation
 x - a scroll of immolation
 E - 2 scrolls of blinking {unknown}
 J - a scroll of fear
Potions
 d - 2 potions of cancellation
 e - a potion of lignification
 f - a potion of ambrosia {unknown}
 h - a potion of enlightenment {unknown}
 j - a potion of berserk rage {unknown}
 o - 3 potions of might {unknown}
 q - 5 potions of curing
 t - 4 potions of heal wounds {unknown}
 u - 2 potions of degeneration {unknown}
 z - 2 potions of brilliance {unknown}
 A - a potion of attraction {unknown}
 C - 2 potions of magic
 I - 4 potions of resistance {unknown}
 K - a potion of haste {unknown}


   Skills:
 + Level 1.3 Fighting
 + Level 2.0 Short Blades
 + Level 3.7 Dodging
 + Level 4.1 Stealth
 + Level 8.7 Spellcasting
 + Level 1.2 Summonings
 + Level 3.7 Necromancy
 + Level 8.2 Ice Magic


You had 11 spell levels left.
You knew the following spells:

 Your Spells              Type           Power      Damage    Failure   Level
a - Freeze                Ice            100%       1d10      1%          1
b - Frozen Ramparts       Ice            70%        1d11      1%          3
c - Necrotise             Necr           80%        1d8       1%          1
d - Ozocubu's Armour      Ice            35%        N/A       1%          3
e - Summon Ice Beast      Ice/Summ       23%        N/A       4%          3
f - Vampiric Draining     Necr           20%        2d7       6%          3

Your spell library contained the following spells:

 Spells                   Type           Power      Damage    Failure   Level
 Shock                    Conj/Air       28%        1d4       10%         1
 Lesser Beckoning         Tloc           14%        N/A       14%         2
 Gell's Gravitas          Tloc           7%         N/A       28%         3
 Swiftness                Air            7%         N/A       28%         3
 Teleport Other           Tloc           7%         N/A       28%         3
 Martyr's Knell           Necr/Summ      15%        N/A       34%         4
 Curse of Agony           Necr           20%        N/A       50%         5
 Airstrike                Air            3%         2d(1-17)  67%         4


Dungeon Overview and Level Annotations

Branches:
Dungeon (7/15)             Temple (1/1) D:4          Bailey (1/1)

Altars:
Ashenzari
Cheibriados
Dithmenos
Hepliaklqana
Kikubaaqudgha
Makhleb
Nemelex Xobeh
Okawaru
Qazlal
Ru
Trog
Uskayaw
Xom
Yredelemnul

Shops:
D:4 (=:

Annotations:
D:5 1 runed translucent door


Innate Abilities, Weirdness & Mutations

You are mostly covered in icy blue scales. (AC +3)
You are partially covered in sharp spines.
You have a tail ending in a sharp stinger.


Message History

You tail-slap the orc warlord, but do no damage.
The orc warlord is moderately wounded.
The wall freezes the orc warrior.
The wall freezes the orc warlord.
The orc warlord hits you with a +3 broad axe!
You hit the orc warlord.
You tail-slap the orc warlord, but do no damage.
The orc warlord is moderately wounded.
The wall freezes the orc warrior but does no damage.
The wall freezes the orc warlord but does no damage.
You completely miss the orc warlord.
The orc warlord is moderately wounded.
The wall freezes the orc warrior but does no damage.
The wall freezes the orc warlord but does no damage.
The orc warlord closely misses you.
You hit the orc warrior but do no damage.
Your tail-slap misses the orc warrior.
The orc warrior is heavily wounded.
The wall freezes the orc warrior but does no damage.
The orc warrior misses you.
Unknown command.
Casting: Frozen Ramparts (safe; 1% risk of failure)
Confirm with . or Enter, or press ? or * to list all spells.
A chill wind blows around you.
The wall freezes the orc warlord but does no damage.
The orc warlord hits you with a +3 broad axe!!
The wall freezes the orc warrior.
The orc warrior is struck by your spines.
The orc warrior hits you with a +0 battleaxe!
You hit the orc warlord but do no damage.
The orc warlord is moderately wounded.
The wall freezes the orc warlord but does no damage.
The orc warlord hits you with a +3 broad axe!
* * * LOW HITPOINT WARNING * * *
Unknown command.
You completely miss the orc warrior.
You tail-slap the orc warrior, but do no damage.
The orc warrior is severely wounded.
The frozen ramparts melt away.
The orc warrior hits you with a +0 battleaxe!
You die...

#.......#.........#.....
##.......##.......##..o..
#.........#.......#......
##.........###.))###....o.
#.....⌠.....###)###...o.⌠.
##.........##88.88##...Y..
#.........#.......#.)....
##.....Yo##.......##)....
#......@o)........))....
##.....##)........##....
#######.....⌠.....#####
##.........## #.........#
##.......## #.......#
##..∩..## #######


You could see an orc warlord (ally target), an orc warrior (strong) and a
friendly ice beast (summoned).

Vanquished Creatures
  A vampire mosquito (D:5)
  An ice beast (D:7)
  11 orc warriors
  A centaur (D:6)
  2 ogres
  6 scorpions
  11 killer bees
  2 howler monkeys
  A bombardier beetle (D:5)
  2 orc priests
  A gnoll bouda (D:6)
  2 hounds
  A sleepcap (D:7)
  2 iguanas
  2 orc wizards
  12 gnolls
  12 adders
  A dart slug (D:2)
  20 orcs
  5 ball pythons
  11 endoplasms
  9 giant cockroaches
  17 goblins
  13 hobgoblins
  5 jackals
  2 quokkas
  9 bats
  4 frilled lizards
  10 kobolds
  2 rats (D:2)
  A spectral kobold (D:2)
  2 butterflies (D:5)
181 creatures vanquished.

Vanquished Creatures (collateral kills)
  An orc warrior (Bailey)
  A bullfrog (D:7)
  2 scorpions (D:5)
  An orc priest (D:7)
  A gnoll (Bailey)
  An orc (D:7)
  A giant cockroach (D:5)
  A butterfly (D:5)
9 creatures vanquished.

Vanquished Creatures (others)
  Maurice (D:7)
1 creature vanquished.

Grand Total: 191 creatures vanquished

Notes
Turn   | Place    | Note
-------+----------+-------------------------------------------
     0 | D:1      | Eitelfritz the Demonspawn Ice Elementalist began the quest
                  | for the Orb.
     0 | D:1      | Reached XP level 1. HP: 13/13 MP: 3/3
   155 | D:1      | Gained mutation: You are partially covered in sharp spines.
                  | [demonic ancestry]
   155 | D:1      | Reached XP level 2. HP: 17/19 MP: 3/5
   960 | D:2      | Gained mutation: You are partially covered in icy blue
                  | scales. (AC +2) [demonic ancestry]
   960 | D:2      | Reached XP level 3. HP: 19/24 MP: 3/6
  1234 | D:2      | Learned a level 3 spell: Frozen Ramparts
  1381 | D:2      | Found a faded altar of an unknown god.
  1435 | D:2      | Identified the +3 ring mail of Xiuffan {rCorr}
  1783 | D:3      | Gained mutation: You have a small tail. [demonic ancestry]
  1783 | D:3      | Reached XP level 4. HP: 30/30 MP: 5/7
  1921 | D:3      | Learned a level 1 spell: Necrotise
  2330 | D:3      | Gained mutation: You are mostly covered in icy blue scales.
                  | (AC +3) [demonic ancestry]
  2330 | D:3      | Reached XP level 5. HP: 12/35 MP: 4/9
  2507 | D:3      | Learned a level 3 spell: Ozocubu's Armour
  2795 | D:4      | Found a staircase to the Ecumenical Temple.
  2856 | D:4      | Found Yvuoschiz's Jewellery Shoppe.
  2942 | D:4      | Reached skill level 1 in Necromancy
  3294 | D:4      | Found Nyfi's Weapon Emporium.
  3463 | D:4      | Found Botseh's Book Boutique.
  3506 | D:4      | Reached XP level 6. HP: 39/41 MP: 6/11
  3616 | D:4      | Reached skill level 5 in Ice Magic
  3889 | D:5      | Entered Level 5 of the Dungeon
  4065 | D:5      | Learned a level 3 spell: Summon Ice Beast
  4220 | D:5      | Reached XP level 7. HP: 40/46 MP: 0/13
  4776 | D:5      | Found a runed translucent door.
  4778 | D:5      | Found a runed translucent door.
  4779 | D:5      | Noticed a vampire mosquito
  4784 | D:5      | Identified the +5 chain mail "Tutap" {rPois Dex+5}
  4825 | D:5      | Reached skill level 5 in Spellcasting
  5277 | D:6      | Found a hide-covered altar of Uskayaw.
  5278 | D:6      | Found an ancient bone altar of Kikubaaqudgha.
  5329 | D:6      | Gained mutation: You have a tail ending in a sharp stinger.
                  | [demonic ancestry]
  5329 | D:6      | Reached XP level 8. HP: 38/52 MP: 10/16
  6097 | Temple   | Entered the Ecumenical Temple
  6102 | Temple   | Learned a level 3 spell: Vampiric Draining
  6122 | Temple   | Became a worshipper of Dithmenos the Shadowed
  6218 | D:5      | Reached skill level 1 in Short Blades
  6382 | D:7      | Found a flagged portal.
  6529 | D:7      | Noticed Maurice
  6540 | D:7      | Maurice stole 5 boomerangs
  6544 | D:7      | Maurice stole a +0 arbalest
  6545 | D:7      | Killed Maurice
  6546 | D:7      | Reached skill level 1 in Fighting
  6546 | D:7      | Reached XP level 9. HP: 27/59 MP: 5/20
  6610 | D:7      | Reached * piety under Dithmenos
  6667 | Bailey   | Entered a bailey
  7007 | Bailey   | Reached skill level 1 in Summonings
  7255 | Bailey   | Reached ** piety under Dithmenos
  7317 | Bailey   | Noticed an orc warlord
  7504 | Bailey   | Slain by an orc warrior

Illustrated notes

Levels and vault maps discovered:
D:1:      dpeg_arrival_rooms_with_view, layout_loops_ring
D:2:      layout_loops_ring, dreamdust_ecumenical_altar_drowned_temple,
          minmay_3d_cube
D:3:      minmay_bubble_buster, layout_rooms
D:4:      layout_gridville, lemuel_round_altar, minmay_temple_entry_waves,
          serial_glass, glass_columns_c, glass_columns_a, glass_columns_a,
          glass_columns_b, glass_columns_c, glass_columns_c, glass_columns_b,
          glass_columns_b, glass_columns_a, glass_columns_c, serial_shops,
          nicolae_shop_tiny_waterfront, shop, nicolae_square_shop
D:5:      lemuel_insect_pit, layout_basic
D:6:      layout_basic, grunt_temple_overflow_open, minivault_11
D:7:      layout_loops_cross, enter_bailey_2, uniq_maurice
Temple:   nicolae_temple_figure_eight
Bailey:   bailey_axe_minmay_hex_keep, bailey

Skill      XL: |  1  2  3  4  5  6  7  8  9 |
---------------+----------------------------+-----
Ice Magic      | 4 5 7 8 |  8.2
Stealth        | 2 3 4 |  4.1
Dodging        | 2 3 |  3.7
Spellcasting   | 3 4 5 7 8 |  8.7
Necromancy     | 1 2 3 |  3.7
Short Blades   | 1 2 |  2.0
Fighting       | 1 |  1.3
Summonings     | 1 |  1.2

Action                     |  1- 3 |  4- 6 |  7- 9 || total
---------------------------+-------+-------+-------++-------
  Melee: Short sword       |    26 |    11 |    43 ||    80
         Tailslap          |       |       |     8 ||     8
   Fire: Arbalest          |       |       |     2 ||     2
   Cast: Freeze            |    37 |    48 |    63 ||   148
         Necrotise         |       |    32 |    22 ||    54
         Frozen Ramparts   |       |     6 |    26 ||    32
         Summon Ice Beast  |       |       |    15 ||    15
         Ozocubu's Armour  |       |       |     1 ||     1
    Use: Scroll            |       |     8 |     3 ||    11
   Stab: Sleeping          |     5 |     3 |     1 ||     9
         Distracted        |     1 |       |     1 ||     2
 Armour: Robe              |    26 |    38 |    78 ||   142
  Dodge: Dodged            |    18 |    41 |    84 ||   143
